 Dungeon Crawl Stone Soup version 0.17-a0-986-gf45d1aa (webtiles) character file.

108 Pnognoglozu the Skirmisher (level 4, 0/36 HPs)
             Began as a Demonspawn Abyssal Knight on May 11, 2015.
             Was a Believer of Lugonu.
             Succumbed to a worker ant's poison
             ... on level 4 of the Dungeon on May 12, 2015.
             The game lasted 00:07:19 (3076 turns).

Pnognoglozu the Skirmisher (DsAK)                   Turns: 3076, Time: 00:07:20

Health: 0/36       AC:  2    Str: 13    XL:     4   Next: 58%
Magic:  0/6        EV: 11    Int: 13    God:    Lugonu [**....]
Gold:   127        SH:  0    Dex: 13    Spells: 0 memorised, 3 levels left

rFire  . . .     SeeInvis .     a - +1 falchion
rCold  + . .     Clarity  .     b - +0 leather armour
rNeg   . . .     SustAb   .     (no shield)
rPois  .         Gourm    .     (no helmet)
rElec  .         Spirit   +     (no cloak)
rCorr  .         Warding  .     (no gloves)
rMut   .         Stasis   .     (no boots)
MR     .....                    (no amulet)
Stlth  +.........               (no ring)
                                k - ring of teleport control

@: lethally poisoned (0 -> -6), corroded equipment, not resistant to hostile
enchantments, very unstealthy
A: iridescent scales 1, cold resistance 1, magic shield
a: Depart the Abyss, Bend Space, Renounce Religion, Evoke Teleport Control


You were on level 4 of the Dungeon.
You worshipped Lugonu.
Lugonu was pleased with you.
You were not hungry.

You visited 1 branch of the dungeon, and saw 4 of its levels.
You visited the Abyss 1 time.

You collected 127 gold pieces.

Inventory:

Hand weapons
 a - a +1 falchion (weapon)
Armour
 b - a +0 leather armour (worn)
Jewellery
 k - a ring of teleport control (left hand)
Magical devices
 o - a wand of enslavement (18)
Scrolls
 d - a scroll of identify {unknown}
 e - a scroll of fear {unknown}
 f - a scroll of remove curse {unknown}
 i - a scroll of recharging {unknown}
 j - a scroll of noise {unknown}
 p - a scroll of enchant weapon {unknown}
 r - a scroll of teleportation {unknown}
 s - a scroll of amnesia {unknown}
Potions
 h - 2 potions of might {unknown}
 l - a potion of degeneration {unknown}
 m - a potion of agility {unknown}
 t - a potion of curing {unknown}
Comestibles
 c - 3 bread rations
 g - 2 meat rations
 n - a chunk of flesh
 q - 2 fruits


   Skills:
 + Level 3.6 Fighting
 + Level 2.5 Long Blades
 + Level 2.6 Armour
 + Level 1.6 Dodging
 + Level 3.3 Invocations


You had 3 spell levels left.
You didn't know any spells.

Dungeon Overview and Level Annotations

Branches:
Dungeon (4/15)
 Temple: D:4-7

Altars:
Makhleb
Ru

Annotations:
D:3 Protee's ghost, average DsTm


Innate Abilities, Weirdness & Mutations

You are partially covered in iridescent scales (AC +4).
Your flesh is cold resistant.
When hurt, damage is shared between your health and your magic reserves.


Message History

The worker ant is lightly wounded.
The worker ant misses you. The jelly hits you.
You are splashed with acid!
The acid burns!
You closely miss the worker ant.
The worker ant is lightly wounded.
The worker ant barely misses you. The jelly barely misses you.
You hit the worker ant.
The worker ant is severely wounded.
The worker ant bites you but does no damage.
The jelly barely misses you. The worker ant bites you.
You hit the worker ant but do no damage.
The worker ant is severely wounded.
The worker ant bites you.
You are poisoned.
The worker ant poisons you! The jelly barely misses you.
You feel sick. The jelly hits you.
You are splashed with acid!
The acid corrodes your equipment!
The acid burns!
* * * LOW HITPOINT WARNING * * *
The worker ant closely misses you.
You die...

.# ....## ..#
###.....$ #..#
###........
...
#..##........#
#..
#...........#
..##
#.........#
..# ##....J..#
#..
#...†a...##
##..
#..####@..#
#... #..
##..## #... .
#...# ##...
##..## ##....
##..# ##.....
#..## ##...##.
##..#
##..#####
#..###..##
##..#.###


You could see a jelly and a worker ant.

Vanquished Creatures
  A crimson imp (D:3)
  2 adders
  3 worms (D:2)
  6 bats
  4 giant cockroaches
  3 goblins
  6 hobgoblins
  2 quokkas (D:3)
  5 giant geckos
  2 giant newts (D:2)
  7 kobolds
  7 rats
48 creatures vanquished.

Notes
Turn   | Place    | Note
--------------------------------------------------------------
     0 | Abyss:1  | Pnognoglozu the Demonspawn Abyssal Knight began the quest for the Orb.
     0 | Abyss:1  | Reached XP level 1. HP: 18/18 MP: 2/2
    24 | D:1      | Escaped the Abyss
    53 | D:1      | Reached skill level 1 in Dodging
   350 | D:1      | You fall through a shaft!
   350 | D:2      | Found a burning altar of Makhleb.
   590 | D:1      | Gained mutation: When hurt, damage is shared between your health and your magic reserves. [demonic ancestry]
   590 | D:1      | Reached XP level 2. HP: 22/24 MP: 3/3
  1134 | D:1      | Acquired Lugonu's second power
  1466 | D:2      | Gained mutation: You are partially covered in iridescent scales (AC +4). [demonic ancestry]
  1466 | D:2      | Reached XP level 3. HP: 13/29 MP: 3/5
  2300 | D:3      | Found a sacrificial altar of Ru.
  2657 | D:3      | Gained mutation: Your flesh is cold resistant. [demonic ancestry]
  2657 | D:3      | Reached XP level 4. HP: 35/35 MP: 6/6
  2834 | D:3      | Noticed Protee's ghost (average DsTm)
  3075 | D:4      | HP: 1/36 [acid (10)]
  3076 | D:4      | Succumbed to a worker ant's poison

Vault maps used:
D:1:      dpeg_arrival_radiant, corexii_hall_statues_x
D:2:      nicolae_overflow_crystal_walls
D:3:      hangedman_ru_absence
D:4:      lemuel_round_altar, first_bread

Action                   |  1- 3 |  4- 6 || total
-------------------------+-------+-------++-------
Melee: Falchion          |   183 |    38 ||   221
  Eat: Chunk             |     6 |     1 ||     7
